 Dungeon Crawl Stone Soup version 0.30-a0-800-g7c544603b3 (webtiles) character file.

Game seed: 15163496398183551513

1426 Aneyh the Fighter (level 8, -1/88 HPs)
             Began as a Tengu Monk on Feb 21, 2023.
             Slain by an orange demon (6 damage)
             ... led by Amaemon
             ... on level 8 of the Dungeon.
             The game lasted 00:13:29 (6103 turns).

Aneyh the Fighter (Tengu Monk)                      Turns: 6103, Time: 00:13:30

Health: -1/88      AC:  3    Str: 13    XL:     8   Next: 72%
Magic:  9/9        EV: 15    Int: 11    God:
Gold:   339        SH:  0    Dex: 17    Spells: 7/7 levels left

rFire   . . .      SeeInvis .    w - +0 halberd
rCold   . . .      Faith    .    (shield currently unavailable)
rNeg    . . .      Spirit   .    d - +3 leather armour
rPois   .          Reflect  .    (helmet restricted)
rElec   .          Harm     .    (no cloak)
rCorr   .          Rampage  .    n - +0 pair of gloves
Will    .....                    (boots unavailable) Stlth
                                 u - amulet of regeneration
HPRegen 1.14/turn                (no ring)
MPRegen 0.11/turn                (no ring)

@: berserking, lethally poisoned (-1 -> -17), corroded, attractive, flying
quickly and evasively, very quick
A: beak, talons 3, nimble flight
a: no special abilities


You were on level 8 of the Dungeon.
You visited 1 branch of the dungeon, and saw 7 of its levels.
You also visited: Sewer.

You collected 339 gold pieces.

Inventory:

Hand Weapons
 a - a +0 spear
 r - a +1 morningstar of holy wrath
 w - a +0 halberd (weapon)
 y - a +1 falchion of electrocution
Missiles
 c - 2 throwing nets
 s - a boomerang (quivered)
 x - 5 javelins
Armour
 b - a +0 robe
 d - a +3 leather armour (worn)
 k - a +1 leather armour of cold resistance
 n - a +0 pair of gloves (worn)
Jewellery
 g - an amulet of magic regeneration
 q - an amulet of the acrobat
 u - an amulet of regeneration (around neck)
 z - an amulet of guardian spirit
Wands
 m - a wand of flame (24)
Scrolls
 h - 5 scrolls of teleportation
 i - a scroll of fog {unknown}
 o - 2 scrolls of identify
 p - 2 scrolls of poison
Potions
 e - 2 potions of resistance
 f - a potion of brilliance
 j - a potion of curing
 v - a potion of lignification


   Skills:
 + Level 10.7 Fighting
 * Level 3.9 Polearms
 - Level 3.2 Dodging
 - Level 2.0 Stealth


You had 7 spell levels left.
You didn't know any spells.
Your spell library contained the following spells:

 Spells                   Type           Power      Damage    Failure   Level
 Necrotise                Necr           0%         1d4       41%         1
 Cigotuvi's Dreadful Rot  Necr/Pois/Air  0%         N/A       56%         2
 Lesser Beckoning         Tloc           0%         N/A       56%         2
 Static Discharge         Conj/Air       0%         2-2/arc   56%         2
 Gell's Gravitas          Tloc           0%         N/A       80%         3
 Mephitic Cloud           Conj/Pois/Air  0%         N/A       80%         3
 Summon Guardian Golem    Hex/Summ       0%         N/A       80%         3
 Teleport Other           Tloc           0%         N/A       80%         3
 Vampiric Draining        Necr           0%         2d6       80%         3
 Dispel Undead            Necr           0%         3d6       99%         4
 Agony                    Necr           0%         N/A       100%        5
 Death Channel            Necr           0%         N/A       100%        6
 Orb of Destruction       Conj           0%         9d5       100%        7
 Spellforged Servitor     Conj/Summ      0%         N/A       100%        7


Dungeon Overview and Level Annotations

Branches:
Dungeon (9/15)              Sewer (visited)
 Temple: D:4-7         Lair: D:8-11         Orc: D:9-12

Altars:
Nemelex Xobeh

Shops:
D:4 *

Annotations:
D:8 Amaemon


Innate Abilities, Weirdness & Mutations

You have a beak for a mouth.
You have claws for feet.
Your magical nature lets you fly swiftly and evasively.


Message History

A red film seems to cover your vision as you go berserk!
You feel yourself moving faster!
You feel mighty!
The orange demon stings you but does no damage.
The kobold hits you but does no damage.
Amaemon zaps a wand.
The bolt of acid hits you! The acid corrodes you!
You puncture Amaemon! You claw Amaemon. Your peck misses Amaemon.
Amaemon is moderately wounded.
You slash Amaemon! You claw Amaemon!
Amaemon is heavily wounded.
Amaemon hits you with a +0 demon whip of venom!
You are poisoned.
Amaemon misses you.
Amaemon tail-slaps you but does no damage.
The orange demon closely misses you. The kobold closely misses you.
You hit Amaemon. You claw Amaemon!
Amaemon is severely wounded.
You feel very sick. The orange demon misses you.
Amaemon hits you with a +0 demon whip of venom!!
You are more poisoned.
Amaemon closely misses you. x2
You hit Amaemon.
Amaemon is severely wounded.
You feel extremely sick. The orange demon closely misses you.
Amaemon hits you with a +0 demon whip of venom.
* * * LOW HITPOINT WARNING * * *
Amaemon claws you!
* * * LOW HITPOINT WARNING * * *
Amaemon barely misses you. The kobold is attracted toward you. x2
The kobold shouts!
You slash Amaemon! You claw Amaemon.
Amaemon is almost dead.
* * * LOW HITPOINT WARNING * * *
You feel very sick.
You hear a shout! x2
The kobold hits you with a +0 whip.
* * * LOW HITPOINT WARNING * * *
The kobold brigand closely misses you. The orange demon stings you from afar.
You die...

.#....## ### .#
...#.#.. ... .#
........ ... ..#.#.#
#.# #.#....# #.# ##. #.
#.#.###.####..
#.#.§KK.§.##.#
.##.6KK4..#.##.#
.....#@###.# #.#
###..#.###.#.##.#######
.....##.#...........
.#..##K####.#
...#.#))).....K.#
.......>)..######
#....####### ... #


You could see Amaemon, an orange demon, a kobold brigand and 3 kobolds.

Vanquished Creatures
  A water moccasin (D:4)
  An ice beast (D:5)
  2 ogres (D:4)
  2 phantoms
  A necrophage (D:5)
  A jelly (D:4)
  4 orc priests
  A hound (D:5)
  A gnoll bouda (D:4)
  5 iguanas
  Natasha (twice) (D:2)
  5 orc wizards
  7 adders
  5 gnolls
  5 river rats (Sewer)
  An ufetubus (D:5)
  5 worms
  3 dart slugs
  19 orcs
  17 ball pythons
  9 bats
  11 endoplasms
  5 giant cockroaches
  8 goblins
  9 hobgoblins
  3 jackals (Sewer)
  6 quokkas
  5 frilled lizards
  9 kobolds
  3 rats
156 creatures vanquished.

Vanquished Creatures (others)
  An orc wizard (D:8)
  An orc (D:8)
2 creatures vanquished.

Grand Total: 158 creatures vanquished

Notes
Turn   | Place    | Note
-------+----------+-------------------------------------------
     0 | D:1      | Aneyh the Tengu Monk began the quest for the Orb.
     0 | D:1      | Reached XP level 1. HP: 14/14 MP: 2/2
    38 | D:1      | Reached XP level 2. HP: 4/19 MP: 3/3
   403 | D:1      | Got the Parchment of Bruises
   406 | D:1      | Reached skill level 4 in Fighting
   429 | D:1      | Reached XP level 3. HP: 24/24 MP: 4/4
   694 | D:2      | Noticed Natasha
   704 | D:2      | Killed Natasha
   705 | D:2      | Reached XP level 4. HP: 4/30 MP: 5/5
  1118 | D:2      | Reached skill level 5 in Fighting
  1285 | D:2      | Noticed Natasha
  1292 | D:2      | Killed Natasha
  1572 | D:2      | Gained mutation: Your magical nature lets you fly swiftly
                  | and evasively. [Tengu growth]
  1572 | D:2      | Reached XP level 5. HP: 32/35 MP: 6/6
  1876 | D:3      | Found a sparkling altar of Nemelex Xobeh.
  2009 | D:3      | Reached skill level 6 in Fighting
  2087 | D:3      | Found a glowing drain.
  2097 | Sewer    | Entered a sewer
  2326 | Sewer    | Reached XP level 6. HP: 42/42 MP: 7/7
  3017 | D:3      | Reached skill level 7 in Fighting
  3663 | D:4      | Reached XP level 7. HP: 47/48 MP: 8/8
  3856 | D:4      | Reached skill level 8 in Fighting
  4265 | D:4      | Found Voymihav's Serpentskin Sales.
  4275 | D:4      | Reached skill level 9 in Fighting
  4478 | D:5      | Entered Level 5 of the Dungeon
  4833 | D:4      | Reached XP level 8. HP: 33/56 MP: 9/9
  5102 | D:5      | Reached skill level 10 in Fighting
  5987 | D:5      | You are sucked into a shaft and drop 3 floors!
  6046 | D:9      | Noticed a hornet
  6070 | D:8      | Noticed Amaemon
  6076 | D:8      | Noticed an orange demon
  6103 | D:8      | Slain by an orange demon

Illustrated notes

Levels and vault maps discovered:
D:1:      reono_arrival_forest_river, layout_rooms
D:2:      layout_basic, minmay_misc_feat_secret_circle, uniq_natasha
D:3:      layout_basic, nemelex_diamond_rough_becter, gup_sewer_entry_bubbles,
          kennysheep_generic_room_11
D:4:      layout_cave_pools, guppyfry_shop_venom
D:5:      layout_basic, minmay_misc_feat_doors, hex_intersection
D:8:      layout_loops_ring, minmay_mini_ossuary, uniq_amaemon
D:9:      layout_loops_ring, gammafunk_ghost_hydra_chop, hangedman_decor_lopped,
          kennysheep_nub

Skill      XL: |  1  2  3  4  5  6  7  8 |
---------------+-------------------------+-----
Fighting       | 4 5 6 7 9 10 | 10.7
Polearms       | |  3.9
Dodging        | |  3.2
Stealth        | |  2.0

Action                     |  1- 3 |  4- 6 |  7- 9 || total
---------------------------+-------+-------+-------++-------
  Melee: Spear             |    63 |   286 |   216 ||   565
         Peck              |     4 |    37 |    63 ||   104
         Kick              |    10 |    71 |    92 ||   173
         Punch             |       |     2 |     3 ||     5
         Halberd           |       |       |    47 ||    47
  Throw: Boomerang         |       |       |     6 ||     6
    Use: Scroll            |       |     3 |     3 ||     6
         Potion            |       |       |     7 ||     7
   Stab: Sleeping          |     6 |    13 |     3 ||    22
         Distracted        |       |       |     1 ||     1
         Invisible         |       |       |     2 ||     2
 Armour: Robe              |     4 |       |       ||     4
         Leather armour    |       |    49 |    69 ||   118
  Dodge: Dodged            |    19 |   148 |   209 ||   376

Table legend: (Time is in decaauts)
 A = Elapsed time spent in this place.
 B = Non-inter-level travel time spent in this place.
 C = Inter-level travel time spent in this place.
 D = Time resting spent in this place.
 E = Time spent auto-exploring this place.
 F = Levels seen in this place.
 G = Mean time per level.
                   A        B        C        D        E       F      G
               +--------+--------+--------+--------+--------+-----+--------+
         Total |   5877 |   5771 |    106 |   1378 |   2728 |   8 |  734.6 |
       Dungeon |   5115 |   5009 |    106 |   1248 |   2408 |   7 |  730.7 |
         Sewer |    761 |    761 |      0 |    130 |    320 |   1 |  761.0 |
               +--------+--------+--------+--------+--------+-----+--------+

Top non-repeatable levels by time:
     D:4: 1297 daAuts
     D:3: 1268 daAuts
     D:2: 1157 daAuts
   Sewer: 761 daAuts
     D:5: 683 daAuts
     D:1: 586 daAuts
     D:8: 112 daAuts
     D:9: 10 daAuts
